 Dungeon Crawl Stone Soup version 0.20.1-1-g8b1a95d (webtiles) character file.

232 Lorindel the Sneak (level 5, 0/22 HPs)
             Began as a Felid Conjurer on July 21, 2017.
             Killed from afar by an orc wizard (7 damage)
             ... with a magic dart
             ... on level 4 of the Dungeon.
             The game lasted 00:18:33 (4073 turns).

Lorindel the Sneak (Felid Conjurer)                 Turns: 4073, Time: 00:18:35

Health: 0/22       AC:  1    Str:  4    XL:     5   Next: 73%
Magic:  2/11       EV: 19    Int: 18    God:
Gold:   95         SH:  0    Dex: 16    Spells: 0/10 levels left
                                        Lives:  0   Deaths: 1

rFire    . . .     SeeInvis +     - Unarmed
rCold    . . .     Gourm    .   (shield unavailable)
rNeg     . . .     Faith    .   (armour unavailable)
rPois    .         Spirit   .   (helmet unavailable)
rElec    .         Reflect  .   (cloak unavailable)
rCorr    .         Harm     .   (gloves unavailable)
MR       .....                  (boots unavailable)
Stlth    +++.......             j - amulet of regeneration
Regen    0.5/turn               (no ring)
MPRegen  0.2/turn               (no ring)

@: quick
A: no armour, no weapons or thrown items, stealth, claws 1, fangs 3, see
invisible, carnivore 3, speed 1, shaggy fur 1, slow metabolism 1, sharp paws
a: no special abilities


You were on level 4 of the Dungeon.
You were completely stuffed.

You visited 1 branch of the dungeon, and saw 4 of its levels.

You collected 95 gold pieces.

Inventory:

Missiles
 e - 121 stones
 i - 30 arrows
Jewellery
 j - an amulet of regeneration (around neck)
Wands
 m - a wand of flame (42/48)
Potions
 c - a potion of haste
 d - a potion of lignification
 f - a potion of agility
 k - a potion of magic {unknown}
 l - a potion of might {unknown}
Books
 a - a book of Conjurations

   Spells                             Type                      Level
   a - Magic Dart                     Conjuration                  1
   b - Searing Ray                    Conjuration                  2
   c - Dazzling Spray                 Conjuration/Hexes            3
   d - Fulminant Prism                Conjuration/Hexes            4
   e - Force Lance                    Conjuration/Translocation    4
   f - Iskenderun's Mystic Blast      Conjuration                  4
Comestibles
 b - 6 meat rations
 g - 10 chunks of flesh


   Skills:
 + Level 1.7 Fighting
 + Level 3.7 Dodging
 + Level 4.1 Stealth
 + Level 2.0 Unarmed Combat
 * Level 3.3 Spellcasting
 + Level 4.0 Conjurations
 + Level 2.6 Hexes
 + Level 0.8 Translocations
 + Level 1.5 Evocations


You couldn't memorise any spells.
You knew the following spells:

 Your Spells              Type           Power        Failure   Level  Hunger
a - Magic Dart            Conj           ###.         3%          1    None
b - Searing Ray           Conj           ###...       4%          2    ##.....
c - Dazzling Spray        Conj/Hex       ##....       12%         3    ###....
d - Force Lance           Conj/Tloc      ##......     50%         4    ####...


Dungeon Overview and Level Annotations

Branches:
Dungeon (4/15)
 Temple: D:4-7

Altars:
Cheibriados
Elyvilon
Gozag
Kikubaaqudgha
Okawaru
Qazlal
Uskayaw
Vehumet

Shops:
D:4 %


Innate Abilities, Weirdness & Mutations

You cannot wear armour.
You are incapable of wielding weapons or throwing items.
Your paws allow you to move quietly. (Stealth)
You have sharp claws.
You have razor-sharp teeth.
You have supernaturally acute eyesight. (SInv)
You are carnivorous and can eat meat at any time.
You cover ground quickly.
You are covered in fur. (AC +1)
You have a slow metabolism.
Your sharp claws are effective at attacking unaware monsters.


Message History

Confirm with . or Enter, or press ? or * to list all spells.
Aiming: Searing Ray
Press: ? - help, Shift-Dir - straight line, f - orc wizard
Aim: an orc wizard, wielding a dagger and wearing a robe (fast)
The searing ray hits the orc wizard.
The orc wizard is moderately wounded. (Press . to maintain the ray.)
The orc wizard casts a spell at you. The puff of flame hits you!
* * * LOW HITPOINT WARNING * * *
The searing ray misses the orc wizard.
The orc wizard completely misses you.
The searing ray misses the orc wizard.
The orc wizard completely misses you.
The searing ray hits the orc wizard.
The orc wizard is severely wounded.
The searing ray hits the orc wizard.
The orc wizard is severely wounded.
You finish channeling your searing ray.
The orc wizard casts a spell at you. The magic dart hits you!
You die...

.... # ... # #.#.. .#
#.#.# ..# #.#.##..#..
#.#..........
#....)......>
#####o######. #..@#.# .
#.∩###.# . #...# ## ##+#
##.#.# ##...## ##.###
##.....## ##..#
##.......## #
##...####.........####
#.......'.........'...
#####...####.........####


You could see an orc wizard.

Vanquished Creatures
  A hound (D:4)
  An orc priest (D:4)
  Ijyb (D:3)
  An orc wizard (D:3)
  2 worker ants (D:4)
  6 adders
  An ooze (D:4)
  3 worms
  A dart slug (D:2)
  2 leopard geckos
  11 orcs
  4 giant cockroaches
  9 goblins
  4 hobgoblins
  7 jackals (D:1)
  7 kobolds
  A quokka (D:2)
  2 ball pythons
  11 bats
  3 frilled lizards
  3 rats
81 creatures vanquished.

Notes
Turn   | Place    | Note
-------+----------+-------------------------------------------
     0 | D:1      | Lorindel the Felid Conjurer began the quest for the Orb.
     0 | D:1      | Reached XP level 1. HP: 7/7 MP: 4/4
   187 | D:1      | Reached XP level 2. HP: 9/12 MP: 3/6
   196 | D:1      | Reached skill level 1 in Unarmed Combat
   235 | D:1      | Learned a level 2 spell: Searing Ray
  1405 | D:2      | Reached XP level 3. HP: 13/15 MP: 4/7
  1410 | D:2      | Learned a level 3 spell: Dazzling Spray
  1871 | D:2      | Reached skill level 1 in Fighting
  2110 | D:2      | Reached XP level 4. HP: 18/19 MP: 8/8
  2114 | D:2      | Found a white marble altar of Elyvilon.
  2634 | D:3      | Noticed Ijyb
  2647 | D:3      | Killed Ijyb
  2647 | D:3      | Reached skill level 1 in Hexes
  2783 | D:3      | Reached XP level 5. HP: 6/22 MP: 5/10
  2869 | D:3      | Found an iron altar of Okawaru.
  2872 | D:3      | Found a radiant altar of Vehumet.
  2876 | D:3      | Found a hide-covered altar of Uskayaw.
  2876 | D:3      | Found a stormy altar of Qazlal.
  2879 | D:3      | Found a snail-covered altar of Cheibriados.
  2887 | D:3      | Found an ancient bone altar of Kikubaaqudgha.
  3486 | D:4      | Slain by a worker ant
  3487 | D:4      | Reached XP level 4. HP: -1/19 MP: 3/9
  3487 | D:4      | Found an opulent altar of Gozag.
  3514 | D:4      | Reached skill level 1 in Evocations
  3594 | D:4      | Reached XP level 5. HP: 20/22 MP: 2/10
  3603 | D:4      | Learned a level 4 spell: Force Lance
  4030 | D:4      | Found Piprour's Food Emporium.
  4073 | D:4      | Killed from afar by an orc wizard

Skill      XL: |  1  2  3  4  5 |
---------------+----------------+-----
Unarmed Combat | 1 2 |  2.0
Dodging        | 3 |  3.7
Fighting       | 1 |  1.7
Stealth        | 3 4 |  4.1
Hexes          | 2 |  2.6
Conjurations   | 4 |  4.0
Spellcasting   | 3 |  3.3
Evocations     | 1 |  1.5
Translocations | |  0.8

Action                   |  1- 3 |  4- 6 || total
-------------------------+-------+-------++-------
Melee: Unarmed           |   130 |   101 ||   231
       Bite              |    12 |     5 ||    17
 Cast: Magic Dart        |    30 |    18 ||    48
       Searing Ray       |     5 |    14 ||    19
       Dazzling Spray    |       |     5 ||     5
  Use: Scroll            |     3 |     6 ||     9
       Potion            |       |     1 ||     1
 Stab: Sleeping          |     8 |     3 ||    11
       Invisible         |       |     2 ||     2
       Distracted        |       |     1 ||     1
  Eat: Chunk             |    11 |    10 ||    21
Armor: Skin              |     7 |     4 ||    11
Dodge: Dodged            |   135 |   115 ||   250
